 Dungeon Crawl Stone Soup version 0.21-a0-225-g207ae17 (webtiles) character file.

17 potatolord6000 the Slasher (level 2, -1/23 HPs)
             Began as a Demonspawn Gladiator on Aug 28, 2017.
             Slain by a gnoll
             ... wielding a +0 halberd
              (2 damage)
             ... on level 2 of the Dungeon.
             The game lasted 00:02:45 (528 turns).

potatolord6000 the Slasher (Demonspawn Gladiator)    Turns: 528, Time: 00:02:46

Health: -1/23      AC:  6    Str: 14    XL:     2   Next: 44%
Magic:  2/2        EV: 12    Int:  9    God:
Gold:   18         SH:  0    Dex: 14    Spells: 1/1 levels left

rFire    . . .     SeeInvis .   a - +0 long sword
rCold    . . .     Gourm    .   (no shield)
rNeg     . . .     Faith    .   b - +0 leather armour
rPois    .         Spirit   .   d - +2 helmet
rElec    .         Reflect  .   (no cloak)
rCorr    .         Harm     .   (no gloves)
MR       .....                  (no boots)
Stlth    ++........             (no amulet)
HPRegen  1.07/turn              (no ring)
MPRegen  0.08/turn              (no ring)

@: no status effects
A: powered by death 1
a: no special abilities


You were on level 2 of the Dungeon.
You were not hungry.

You visited 1 branch of the dungeon, and saw 2 of its levels.

You collected 18 gold pieces.

Inventory:

Hand Weapons
 a - a +0 long sword (weapon)
Armour
 b - a +0 leather armour (worn)
 d - a +2 helmet (worn)
Scrolls
 c - a scroll of remove curse {unknown}
 e - 2 scrolls of identify {unknown}
Comestibles
 f - a bread ration


   Skills:
 + Level 2.4 Fighting
 + Level 2.9 Long Blades
 - Level 1.7 Throwing
 + Level 2.6 Dodging
 + Level 1.2 Stealth


You had one spell level left.
You didn't know any spells.

Dungeon Overview and Level Annotations

Branches:
Dungeon (2/15)

Altars:


Innate Abilities, Weirdness & Mutations

You regenerate a little health from kills.


Message History

The gnoll hits you with a spear. The goblin closely misses you.
The gnoll closely misses you.
You riposte.
You closely miss the gnoll. The gnoll closely misses you.
Unknown command.
You barely miss the gnoll.
The gnoll is severely wounded.
The gnoll hits you but does no damage. The goblin hits you but does no damage.
The worm closely misses you.
You riposte.
You slash the worm!
The worm is heavily wounded.
The gnoll hits you but does no damage.
The gnoll hits you from afar with a halberd.
* * * LOW HITPOINT WARNING * * *
You closely miss the gnoll.
The gnoll is severely wounded.
The gnoll hits you with a spear.
* * * LOW HITPOINT WARNING * * *
The goblin closely misses you. The gnoll barely misses you.
You riposte.
You closely miss the gnoll.
The gnoll hits you from afar with a halberd.
You die...

##########
.........$#
#.........##
#..........
#.........#
##.........#
...........#
....>..w.<.#
......g@..†#
.....ggg...#
....$........#
.......#####...<
....... ..##
.....## ..#
..... .... #S...
#.#


You could see a worm, 3 gnolls, an adder (wandering) and a goblin.

Vanquished Creatures
  A dart slug (D:2)
  A leopard gecko (D:1)
  A hobgoblin (D:1)
  2 kobolds (D:1)
  3 bats (D:1)
  2 frilled lizards
  3 goblins (D:1)
  2 rats (D:1)
15 creatures vanquished.

Notes
Turn   | Place    | Note
-------+----------+-------------------------------------------
     0 | D:1      | potatolord6000 the Demonspawn Gladiator began the quest for the Orb.
     0 | D:1      | Reached XP level 1. HP: 16/16 MP: 1/1
   257 | D:1      | Reached skill level 1 in Stealth
   308 | D:1      | Gained mutation: You regenerate a little health from kills. [demonic ancestry]
   308 | D:1      | Reached XP level 2. HP: 21/22 MP: 2/2
   528 | D:2      | HP: 1/23 [gnoll/spear (3)]
   528 | D:2      | Slain by a gnoll

Vault maps used:
D:1:      sevenhm_arrival_forest_fort_small_3
D:2:      uniq_crazy_yiuf_cottage

Skill      XL: |  1 |
---------------+----+-----
Stealth        | 1 |  1.2
Fighting       | |  2.4
Long Blades    | |  2.9
Throwing       | |  1.7
Dodging        | |  2.6

Action                   || total
-------------------------++-------
Melee: Long sword        ||    44
Armor: Leather armour    ||    20
Dodge: Dodged            ||    49
       Rpst.: Long sword ||    13

Table legend:
 A = Spawn XP
 B = Non-spawn XP
 C = Spawn XP percentage of total XP
 D = Spawn monster count
 E = Non-spawn monster count
 F = Spawn count percentage of total count
 G = Total turns spent on level
                    A         B        C        D         E        F      G
               +---------+---------+-------+---------+---------+-------+---------
         Total |       4 |      21 |  16.0 |       2 |      13 |  13.3 |   528
               +---------+---------+-------+---------+---------+-------+---------
           D:1 |       4 |      16 |  20.0 |       2 |      11 |  15.4 |   512
           D:2 |       0 |       5 |   0.0 |       0 |       2 |   0.0 |    16
               +---------+---------+-------+---------+---------+-------+---------
